 Dungeon Crawl Stone Soup version 0.26.0-5-gb5863c6483 (webtiles) character file.

Game seed: 14176727576841385313

166911 Kejsarherre the Champion of Chaos (level 17, 0/144 HPs)
             Began as a Demonspawn Fighter on Jan 10, 2021.
             Was the Champion of Makhleb.
             Shot with a bolt by a naga sharpshooter (22 damage)
             ... on level 4 of the Snake Pit.
             The game lasted 02:43:49 (29441 turns).

Kejsarherre the Champion of Chaos (DsFi)           Turns: 29441, Time: 02:43:51

Health: 0/144      AC: 23    Str: 19    XL:     17   Next: 30%
Magic:  0/27       EV: 14    Int: 15    God:    Makhleb [******]
Gold:   3499       SH: 13    Dex: 18    Spells: 21/23 levels left

rFire    + + +     SeeInvis +   C - +8 arc blade {discharge, rElec}
rCold    x . .     Faith    +   l - +2 kite shield
rNeg     + . .     Spirit   +   s - +0 fire dragon scales
rPois    +         Reflect  .   E - +1 helmet {SInv}
rElec    +         Harm     .   M - +0 cloak {rCorr}
rCorr    +         Rampage  .   z - +2 pair of gloves
Will     +....     Clarity  +   w - +0 pair of boots
Stlth    ..........             K - amulet of faith
HPRegen  0.34/turn              S - ring of poison resistance
MPRegen  0.20/turn              Y - ring "Rontab" {+Blink rElec rF+ rN+ Dex+4}

@: lethally poisoned (0 -> -13)
A: claws 2, rugged brown scales 2, clarity, spiny 3, strong 1, magic shield
a: Renounce Religion, Evoke Blink, Minor Destruction, Lesser Servant of Makhleb,
Major Destruction, Greater Servant of Makhleb


You were on level 4 of the Snake Pit.
You worshipped Makhleb.
Makhleb was exalted by your worship.
You visited 4 branches of the dungeon, and saw 26 of its levels.
You also visited: Ice Cave.

You collected 3499 gold pieces.

Inventory:

Hand Weapons
 C - the +8 arc blade (weapon) {discharge, rElec}
   (You took it off Nikola on level 1 of the Snake Pit)

   It insulates you from electricity.
 H - a +0 scimitar of flaming
 L - a +0 vorpal scimitar
Armour
 l - a +2 kite shield (worn)
 s - +0 fire dragon scales (worn)
 w - a +0 pair of boots (worn)
 z - a +2 pair of gloves (worn)
 E - a +1 helmet of see invisible (worn)
 M - a +0 cloak of preservation (worn)
Jewellery
 j - a +6 ring of dexterity
 y - an uncursed ring of willpower
 K - an amulet of faith (around neck)
 Q - an uncursed ring of protection from cold
 R - an uncursed amulet of regeneration
 S - a ring of poison resistance (left hand)
 T - an uncursed ring of positive energy
 Y - the ring "Rontab" (right hand) {+Blink rElec rF+ rN+ Dex+4}
   (You found it on level 3 of the Lair of Beasts)

   [ring of protection from fire]

   It affects your dexterity (+4).
   It protects you from fire.
   It insulates you from electricity.
   It protects you from negative energy.
   It lets you blink.
Wands
 b - a wand of disintegration (32)
 u - a wand of enslavement (4)
 B - a wand of digging (9)
 D - a wand of random effects (14)
 P - a wand of acid (9)
 U - a wand of iceblast (17)
 V - a wand of flame (10)
 W - a wand of paralysis (21)
Scrolls
 c - a scroll of summoning
 e - 2 scrolls of amnesia
 f - 5 scrolls of enchant armour
 h - 9 scrolls of teleportation
 i - 14 scrolls of remove curse
 m - 7 scrolls of enchant weapon
 t - 8 scrolls of magic mapping
 F - 8 scrolls of fog
 G - 3 scrolls of blinking
 J - 3 scrolls of fear
 Z - 3 scrolls of identify
Potions
 a - 4 potions of cancellation
 d - 5 potions of might
 g - 5 potions of heal wounds
 k - 4 potions of flight
 n - a potion of resistance
 o - 5 potions of haste
 r - 9 potions of curing
 v - 3 potions of brilliance
 x - a potion of invisibility
 I - a potion of berserk rage
 O - 2 potions of magic
Miscellaneous
 q - a phial of floods
 N - a condenser vane (inert)
 X - a box of beasts (inert)


   Skills:
 - Level 13.7 Fighting
 + Level 10.8(13.7) Short Blades
 - Level 14.0(15.2) Long Blades
 + Level 11.3 Armour
 - Level 9.6 Dodging
 - Level 5.9 Shields
 + Level 3.5 Spellcasting
 + Level 3.5 Air Magic
 - Level 14.2 Invocations
 - Level 7.0 Evocations


You had 21 spell levels left.
You knew the following spells:

 Your Spells              Type           Power        Failure   Level
a - Swiftness             Air            13%          54%         2

Your spell library contained the following spells:

 Spells                   Type           Power        Failure   Level
 Shock                    Conj/Air       28%          65%         1
 Corpse Rot               Necr/Air       N/A          78%         2
 Poisonous Vapours        Pois/Air       14%          78%         2
 Animate Skeleton         Necr           4%           87%         1
 Apportation              Tloc           4%           87%         1
 Corona                   Hex            2%           87%         1
 Foxfire                  Conj/Fire      8%           87%         1
 Magic Dart               Conj           8%           87%         1
 Sting                    Tmut/Pois      8%           87%         1
 Summon Small Mammal      Summ           8%           87%         1
 Call Imp                 Summ           2%           95%         2
 Ensorcelled Hibernation  Hex/Ice        4%           95%         2
 Searing Ray              Conj           4%           95%         2
 Static Discharge         Conj/Air       7%           95%         3
 Mephitic Cloud           Conj/Pois/Air  6%           97%         3
 Call Canine Familiar     Summ           2%           99%         3
 Confusing Touch          Hex            2%           99%         3
 Conjure Flame            Conj/Fire      2%           99%         3
 Dazzling Flash           Conj/Hex       4%           99%         3
 Ignite Poison            Fire/Tmut/Pois 2%           99%         3
 Inner Flame              Hex/Fire       2%           99%         3
 Portal Projectile        Hex/Tloc       4%           99%         3
 Summon Guardian Golem    Hex/Summ       2%           99%         3
 Tukima's Dance           Hex            2%           99%         3
 Vampiric Draining        Necr           1%           99%         3
 Airstrike                Air            6%           99%         4
 Cause Fear               Hex            1%           100%        4
 Fulminant Prism          Conj/Hex       1%           100%        4
 Ice Form                 Ice/Tmut       2%           100%        4
 Iskenderun's Mystic Bla  Conj/Tloc      2%           100%        4
 Olgreb's Toxic Radiance  Pois           2%           100%        4
 Sticky Flame             Conj/Fire      2%           100%        4
 Summon Ice Beast         Ice/Summ       2%           100%        4
 Summon Lightning Spire   Summ/Air       7%           100%        4
 Fireball                 Conj/Fire      1%           100%        5
 Lightning Bolt           Conj/Air       3%           100%        5
 Metabolic Englaciation   Hex/Ice        1%           100%        5
 Summon Mana Viper        Hex/Summ       2%           100%        5
 Freezing Cloud           Conj/Ice/Air   3%           100%        6
 Ozocubu's Refrigeration  Ice            1%           100%        6
 Simulacrum               Ice/Necr       1%           100%        6
 Starburst                Conj/Fire      1%           100%        6
 Ignition                 Fire           1%           100%        8


Dungeon Overview and Level Annotations

Branches:
Dungeon (15/15)            Temple (1/1) D:4            Lair (6/6) D:10
 Shoals (0/4) Lair:4        Snake (4/4) Lair:2        Slime (0/5) Lair:5
    Orc (0/2) D:11         Vaults (0/5) D:13         Depths (0/5) D:15
  IceCv (visited)

Altars:
Ashenzari
Cheibriados
Dithmenos
Elyvilon
Fedhas
Gozag
Hepliaklqana
Kikubaaqudgha
Makhleb
Nemelex Xobeh
Okawaru
Qazlal
Ru
Sif Muna
Trog
Uskayaw
Vehumet
Wu Jian
Xom
Yredelemnul
Zin
The Shining One

Shops:
D:6 [   Snake:2 **:   Snake:3 [

Annotations:
D:14 2 transporters, Fulmax's ghost, journeyman DDFi
Lair:5 exclusion: oklob plant


Innate Abilities, Weirdness & Mutations

You have very sharp fingernails.
You are mostly covered in rugged brown scales. (AC +2, +5% HP)
You are completely covered in sharp spines.
When hurt, damage is shared between your health and your magic reserves.
You possess an exceptional clarity of mind.
Your muscles are strong. (Str +2)


Message History

The splash of poison misses you.
The naga sharpshooter casts a spell.
The naga sharpshooter magically shoots a bolt.
The bolt hits you!
* * * LOW HITPOINT WARNING * * *
The nagaraja gestures at you while chanting.
The bolt of poison hits the naga!
The bolt of poison hits you! You resist.
* * * LOW HITPOINT WARNING * * *
The naga mage is struck by your spines. The naga mage closely misses you.
The naga sharpshooter shoots a bolt.
The bolt hits you.
* * * LOW HITPOINT WARNING * * *
You see here a bolt.
You feel much better.
You feel sick.
The naga mage points at you and mumbles some strange words.
The poison arrow hits you.
You are more poisoned.
You partially resist.
* * * LOW HITPOINT WARNING * * *
The naga sharpshooter shoots a bolt.
The bolt hits you!!
You die...

.... #.....)..NN.
....############..)##.NN
...........NN.....).....
...........N.N.N.......N
.[........#..N.N.......
........###NN..####### .
.###.)..# #NS##'.##(..
.. +..(.# #NN#....))..
...#+#.@N## #))#.(<.(N..
......)...###))#.)...(..
###....NN.##()##.NN.N)(.
##......##.(#.......)(
#...<...N(.##.##...##
#.......(..)########.
##.........)(........
#.........[.[)......
#.........))[.......


You could see a nagaraja (fast), 2 naga sharpshooters, 2 naga magi and a naga
(catching breath).

Vanquished Creatures
  Nikola (Snake:1)
  Jorgrun (D:14)
  Kirke (D:15)
  3 nagarajas (Snake:4)
  The ghost of Hiezim the Thaumaturge, a journeyman DECj of Vehumet (Lair:6)
  2 fire dragons (Lair:6)
  19 naga warriors
  6 boulder beetles
  3 vault guards (D:13)
  8 hydras
  2 centaur warriors (D:14)
  8 anacondas
  Erica (Lair:1)
  3 ogre magi
  A death knight (D:13)
  2 tengu warriors (D:14)
  6 death yaks (Lair:4)
  14 two-headed ogres
  15 naga sharpshooters
  4 shock serpents
  A skeletal warrior (D:13)
  2 salamander mystics
  6 naga ritualists
  An unseen horror (D:11)
  A swamp dragon (Lair:6)
  4 wizards
  An orc knight (D:15)
  2 deep elf magi
  A lindwurm (Lair:6)
  2 mana vipers
  10 ugly things
  An orc sorcerer (D:15)
  4 slime creatures (D:12)
  11 salamanders
  2 cyclopes
  A manticore (D:12)
  5 elephants (Lair:3)
  3 ice statues (IceCv)
  5 guardian serpents
  A gargoyle (D:13)
  29 black mambas
  17 cane toads
  5 torpor snails
  15 naga magi
  4 centaur skeletons
  4 rime drakes (Lair:6)
  Maggie (D:8)
  A tengu conjurer (D:14)
  5 kobold demonologists
  10 komodo dragons
  2 freezing wraiths
  A redback zombie (D:15)
  4 trolls
  A polar bear (Lair:6)
  2 tyrant leeches (Lair:6)
  3 meliai (D:15)
  12 blink frogs
  5 hornets (Lair:6)
  7 dream sheep (Lair:4)
  A meliai zombie (D:11)
  3 shadows
  4 wraiths
  3 vampires
  2 hogs (D:15)
  2 water elementals (D:15)
  A ynoxinul (D:9)
  4 basilisks
  11 wyverns
  2 steam dragons (Lair:6)
  29 yaks
  7 humans (D:13)
  5 vampire mosquitoes
  A redback simulacrum (D:15)
  43 nagas
  An acid dragon (D:14)
  A warg (D:14)
  13 water moccasins
  2 black bears
  2 eyes of draining
  9 orc warriors
  3 swamp drakes (Lair:6)
  12 ice beasts
  6 sky beasts
  A hornet zombie (D:10)
  13 ogres
  4 phantoms
  21 wolves
  13 centaurs
  8 big kobolds
  11 bullfrogs
  A wyvern zombie (D:10)
  7 scorpions
  19 killer bees
  A wight (D:14)
  3 howler monkeys
  An electric eel (D:11)
  A centaur zombie (D:7)
  2 quasits
  2 bullfrog zombies
  3 jellies
  13 orc priests
  5 hounds
  8 iguanas
  17 orc wizards
  11 worker ants
  2 hound zombies
  A hound skeleton (D:7)
  2 howler monkey zombies
  3 worker ant zombies
  7 gnolls
  14 adders
  A shadow imp (D:6)
  2 white imps (D:10)
  2 adder skeletons (D:4)
  4 worms (D:2)
  3 dart slugs
  5 leopard geckos
  52 orcs
  6 bats
  4 giant cockroaches
  2 gnoll zombies (D:7)
  4 goblins
  5 hobgoblins
  24 jackals
  26 kobolds
  5 quokkas
  2 ball pythons (D:2)
  7 frilled lizards
  A leopard gecko skeleton (D:4)
  A leopard gecko zombie (D:5)
  4 rats
  A butterfly (Lair:5)
815 creatures vanquished.

Vanquished Creatures (collateral kills)
  Vashnia (Snake:2)
  Agnes (D:14)
  A vault guard (D:13)
  A naga warrior (Snake:4)
  A two-headed ogre (D:12)
  2 naga sharpshooters (Snake:2)
  A deep elf mage (D:10)
  A lindwurm (Lair:6)
  3 ugly things
  A black mamba (Lair:2)
  A guardian serpent (Snake:4)
  A cane toad (Lair:6)
  2 torpor snails (Lair:6)
  A centaur skeleton (D:14)
  A tyrant leech (Lair:6)
  2 hornets (Lair:6)
  3 nagas (Snake:4)
  2 ice beasts (D:14)
  7 wights (D:14)
33 creatures vanquished.

Vanquished Creatures (others)
  3 humans
  A naga (Snake:4)
  A big kobold (D:15)
  19 fungi
  60 plants
84 creatures vanquished.

Grand Total: 932 creatures vanquished

Notes
Turn   | Place    | Note
-------+----------+-------------------------------------------
     0 | D:1      | Kejsarherre the Demonspawn Fighter began the quest for the
                  | Orb.
     0 | D:1      | Reached XP level 1. HP: 18/18 MP: 1/1
   111 | D:1      | Gained mutation: You are partially covered in sharp spines.
                  | [demonic ancestry]
   111 | D:1      | Reached XP level 2. HP: 21/24 MP: 2/2
   517 | D:2      | Reached XP level 3. HP: 25/29 MP: 3/3
  1032 | D:2      | Reached XP level 4. HP: 35/35 MP: 4/4
  1084 | D:2      | Found a blossoming altar of Fedhas.
  1177 | D:2      | Found a shadowy altar of Dithmenos.
  1250 | D:2      | Noticed an ogre
  1266 | D:2      | Killed an ogre
  1267 | D:2      | Reached skill level 5 in Long Blades
  1267 | D:2      | Reached XP level 5. HP: 27/41 MP: 5/5
  1512 | D:2      | Found a white marble altar of Elyvilon.
  1756 | D:2      | Found a sacrificial altar of Ru.
  1977 | D:3      | Found an ancient bone altar of Kikubaaqudgha.
  1993 | D:3      | Found a sparkling altar of Nemelex Xobeh.
  2748 | D:4      | Noticed an ogre
  2758 | D:3      | Killed an ogre
  2759 | D:3      | Gained mutation: You have sharp fingernails. [demonic
                  | ancestry]
  2759 | D:3      | Reached XP level 6. HP: 18/47 MP: 6/6
  3018 | D:4      | Found a hide-covered altar of Uskayaw.
  3396 | D:4      | Gained mutation: You are mostly covered in sharp spines.
                  | [demonic ancestry]
  3396 | D:4      | Reached XP level 7. HP: 35/52 MP: 7/7
  4143 | D:4      | Found a staircase to the Ecumenical Temple.
  4334 | Temple   | Entered the Ecumenical Temple
  4620 | Temple   | Became a worshipper of Makhleb the Destroyer
  4674 | D:5      | Entered Level 5 of the Dungeon
  4734 | D:5      | Reached skill level 1 in Invocations
  4811 | D:5      | Reached XP level 8. HP: 60/61 MP: 8/10
  5350 | D:5      | Found a hazy altar of Hepliaklqana.
  5557 | D:6      | Reached skill level 5 in Fighting
  5562 | D:6      | Reached skill level 5 in Invocations
  5864 | D:6      | Noticed a +0 hand axe
  5865 | D:6      | Noticed a +0 dagger
  5880 | D:6      | Found a hide-covered altar of Uskayaw.
  5888 | D:6      | Reached * piety under Makhleb
  6028 | D:6      | Found Siowor's Armour Shoppe.
  6062 | D:6      | Found a broken altar of Ashenzari.
  6063 | D:6      | Found a snail-covered altar of Cheibriados.
  6524 | D:6      | Gained mutation: You possess an exceptional clarity of
                  | mind. [potion of mutation]
  6524 | D:6      | Gained mutation: Your muscles are strong. (Str +2) [potion
                  | of mutation]
  6903 | D:7      | Found a basalt altar of Yredelemnul.
  7072 | D:7      | Reached XP level 9. HP: 71/71 MP: 14/14
  7465 | D:7      | Noticed a brown ugly thing
  7592 | D:8      | Noticed a two-headed ogre
  7605 | D:8      | Killed a two-headed ogre
  7605 | D:8      | Reached ** piety under Makhleb
  7845 | D:8      | Noticed Maggie
  7858 | D:8      | Killed Maggie
  8070 | D:8      | Reached skill level 5 in Armour
  8527 | D:9      | Noticed a troll
  8535 | D:9      | Killed a troll
  8536 | D:9      | Gained mutation: When hurt, damage is shared between your
                  | health and your magic reserves. [demonic ancestry]
  8536 | D:9      | Reached XP level 10. HP: 73/82 MP: 15/15
  8682 | D:9      | Reached *** piety under Makhleb
  9195 | D:9      | Found a bloodstained altar of Trog.
  9216 | D:9      | Found a shimmering blue altar of Sif Muna.
  9219 | D:9      | Identified Sif Muna's Catalogue of Conjuration
  9303 | D:10     | Entered Level 10 of the Dungeon
  9499 | D:10     | Noticed a two-headed ogre
  9504 | D:10     | Killed a two-headed ogre
  9690 | D:10     | Noticed a wizard
  9701 | D:10     | Noticed a wizard
  9706 | D:10     | Killed a wizard
  9709 | D:10     | Killed a wizard
  9709 | D:10     | Noticed a deep elf mage
  9710 | D:10     | Reached skill level 10 in Long Blades
  9736 | D:10     | Killed a deep elf mage
  9770 | D:10     | Noticed a wizard
  9776 | D:10     | Killed a wizard
  9777 | D:10     | Gained mutation: You are partially covered in rugged brown
                  | scales. (AC +1, +3% HP) [demonic ancestry]
  9777 | D:10     | Reached XP level 11. HP: 54/89 MP: 11/16
 10008 | D:10     | Identified the Handbook of Sand
 10017 | D:10     | Identified Ts'ui PĂȘn's Almanac of Forking Paths
 10127 | D:10     | Identified the Papyrus of Combed Thunderclap
 10187 | D:10     | Found a staircase to the Lair.
 10682 | D:10     | Reached **** piety under Makhleb
 10805 | D:11     | Noticed an unseen horror
 10816 | D:11     | Killed an unseen horror
 10907 | D:11     | Noticed a soul eater
 10908 | D:11     | Noticed a two-headed ogre
 11080 | D:11     | Found a staircase to the Orcish Mines.
 11113 | D:11     | Killed a two-headed ogre
 11444 | D:11     | Noticed a red ugly thing
 11456 | D:11     | Killed a red ugly thing
 11658 | D:11     | Noticed a deep elf mage
 11684 | D:11     | Killed a deep elf mage
 11858 | D:11     | Noticed a two-headed ogre
 11864 | D:11     | Killed a two-headed ogre
 11865 | D:11     | Reached XP level 12. HP: 96/96 MP: 14/17
 11909 | D:11     | Reached ***** piety under Makhleb
 12458 | D:12     | Reached skill level 1 in Evocations
 12512 | D:12     | Noticed a two-headed ogre
 12525 | D:12     | Killed a two-headed ogre
 12539 | D:12     | Noticed a two-headed ogre
 12540 | D:12     | Noticed an ogre mage
 12540 | D:12     | Noticed a two-headed ogre
 12561 | D:12     | Killed a two-headed ogre
 12562 | D:12     | Reached skill level 5 in Dodging
 12564 | D:12     | Noticed a two-headed ogre
 12565 | D:12     | Killed an ogre mage
 12579 | D:12     | Killed a two-headed ogre
 12587 | D:12     | Noticed a two-headed ogre
 12594 | D:12     | Killed a two-headed ogre
 12605 | D:12     | Killed a two-headed ogre
 12898 | D:12     | Noticed a boulder beetle
 13254 | D:12     | Reached skill level 5 in Evocations
 13467 | D:12     | Killed a boulder beetle
 13685 | D:13     | Noticed a boulder beetle
 13740 | D:13     | Killed a boulder beetle
 14026 | Lair:1   | Entered Level 1 of the Lair of Beasts
 14057 | Lair:1   | Noticed Erica
 14074 | Lair:1   | Killed Erica
 14301 | Lair:1   | Gained mutation: You are completely covered in sharp
                  | spines. [demonic ancestry]
 14301 | Lair:1   | Reached XP level 13. HP: 101/101 MP: 18/18
 14930 | Lair:2   | Found a snail-covered altar of Cheibriados.
 15187 | Lair:2   | Found a staircase to the Snake Pit.
 15807 | Snake:1  | Entered Level 1 of the Snake Pit
 16341 | Lair:3   | Got a bound golden ring
 16345 | Lair:3   | Identified the ring "Rontab" {+Blink rElec rF+ rN+ Dex+4}
                  | (You found it on level 3 of the Lair of Beasts)
 16724 | Lair:4   | Reached skill level 10 in Invocations
 17048 | Lair:4   | Found a staircase to the Shoals.
 17315 | Lair:5   | Reached ****** piety under Makhleb
 17465 | Lair:5   | Found an ornate altar of the Wu Jian Council.
 17465 | Lair:5   | Found a hide-covered altar of Uskayaw.
 17539 | Lair:5   | Gained mutation: You have very sharp fingernails. [demonic
                  | ancestry]
 17539 | Lair:5   | Reached XP level 14. HP: 52/109 MP: 11/22
 18022 | Lair:5   | Found a staircase to the Slime Pits.
 18863 | Lair:6   | Entered Level 6 of the Lair of Beasts
 19374 | Lair:6   | Reached skill level 10 in Fighting
 19433 | Lair:6   | Paralysed by a hornet for 2 turns
 19441 | Lair:6   | Found a runed translucent door.
 19549 | Lair:6   | Reached skill level 10 in Armour
 19630 | Lair:6   | Paralysed by a hornet for 1 turns
 20299 | Lair:6   | Found a runed translucent door.
 20301 | Lair:6   | Noticed Hiezim's ghost (journeyman DECj)
 20374 | Lair:6   | Killed Hiezim's ghost
 21227 | D:12     | Reached skill level 5 in Shields
 21650 | D:13     | Found a gate to the Vaults.
 21919 | D:13     | Found a snail-covered altar of Cheibriados.
 22313 | D:13     | Got a transparent steel ring
 22314 | D:13     | Identified the ring "Quodicko" {Wiz rC+ rN+ Int+2 Slay-6}
                  | (You found it on level 13 of the Dungeon)
 22380 | D:13     | Reached XP level 15. HP: 120/120 MP: 23/23
 22524 | D:14     | Noticed Fulmax's ghost (journeyman DDFi)
 22539 | D:14     | Noticed Agnes
 22548 | D:14     | Killed Agnes
 22556 | D:14     | Found a frozen archway.
 22577 | IceCv    | Entered an ice cave
 22663 | IceCv    | Learned a level 2 spell: Swiftness
 22977 | IceCv    | Identified the Tome of Ignition and Evil Magic
 23069 | D:14     | Found a transporter.
 23151 | D:14     | Found an ornate altar of the Wu Jian Council.
 23188 | D:14     | Noticed Jorgrun
 23364 | D:14     | Killed Jorgrun
 23500 | D:14     | Found a transporter.
 23729 | D:15     | Entered Level 15 of the Dungeon
 24333 | D:15     | Noticed Kirke
 24351 | D:15     | Killed Kirke
 24627 | D:15     | Found a staircase to the Depths.
 25669 | Snake:1  | Noticed Nikola
 25784 | Snake:1  | Killed Nikola
 25785 | Snake:1  | Gained mutation: You are mostly covered in rugged brown
                  | scales. (AC +2, +5% HP) [demonic ancestry]
 25785 | Snake:1  | Reached XP level 16. HP: 115/138 MP: 18/26
 25894 | Snake:1  | Reached skill level 1 in Short Blades
 26103 | Snake:1  | Reached skill level 5 in Short Blades
 26225 | Snake:1  | Found a sparkling altar of Nemelex Xobeh.
 26797 | Snake:2  | Found Nimnalar's Assorted Antiques.
 26801 | Snake:2  | Found Muapp's Assorted Antiques.
 26803 | Snake:2  | Found Sastaruu's Book Emporium.
 27419 | Snake:2  | Noticed Vashnia
 27456 | Snake:2  | Killed Vashnia
 27930 | Snake:3  | Identified a scroll of acquirement
 27931 | Snake:3  | Acquired 873 gold pieces
 27977 | Snake:3  | Found Uhuriwk's Armour Emporium.
 28345 | Snake:3  | Reached skill level 10 in Short Blades
 28487 | Snake:4  | Entered Level 4 of the Snake Pit
 28630 | Snake:4  | Reached skill level 1 in Air Magic
 28633 | Snake:4  | Reached skill level 1 in Spellcasting
 28706 | Snake:4  | Reached XP level 17. HP: 97/144 MP: 11/27
 29440 | Snake:4  | HP: 2/144 [naga sharpshooter/bolt (6)]
 29441 | Snake:4  | Shot with a bolt by a naga sharpshooter

Illustrated notes

Levels and vault maps discovered:
D:1:      co_arrival_random_square_maze, layout_rooms
D:2:      layout_loops_ring, nicolae_ru_the_path_less_chosen,
          nicolae_overflow_hidden_temple, marbit_many_paths,
          lemuel_coloured_pillars_altar, minmay_vboxes
D:3:      layout_basic, overflow_temple_1_default, lemuel_crystal_altar
D:4:      layout_cave_pools, minmay_temple_entry_junction, amcnicky_altar_gilded
D:5:      layout_loops_ring, lemuel_round_altar, kennysheep_generic_room_5
D:6:      lemuel_ice_spiral_2, layout_basic, dancing_weapons_uskayaw,
          gammafunk_temple_overflow_pools, serial_shops,
          nicolae_shop_behind_doors, grunt_decor_arrowhead
D:7:      layout_basic, lemuel_zombie_altar_yredelemnul, st_stairs_11
D:8:      layout_basic, minmay_door_square, uniq_maggie
D:9:      minmay_goldmine, layout_rooms, nzn_overflow_gifts_of_might_and_magic,
          amcnicky_mini_pool_medium
D:10:     layout_long_grid, lair_entry_dummy, moated_statue,
          bh_hangedman_babel_library
D:11:     minmay_the_grid_triangle_9x9_rhombus_full_mashed
          [minmay_the_grid_triangle_9x9_sparse_checkered,
          minmay_the_grid_triangle_9x9_stretched_checkered,
          minmay_the_grid_triangle_9x9_corruption,
          minmay_the_grid_triangle_9x9_zippers_horizontal,
          minmay_the_grid_triangle_9x9_descending_squares,
          minmay_the_grid_triangle_9x9_from_above,
          minmay_the_grid_triangle_9x9_alien,
          minmay_the_grid_triangle_9x9_prize_insulated], layout_loops_cross,
          kennysheep_dice
D:12:     layout_loops_ring, hex_medium
D:13:     layout_irregular_city, ximxim_vaults_locker_room, basic_altar
D:14:     layout_cross, gammafunk_ghost_stat_death, basic_altar,
          portal_ice_cave_entry_ice_beasts, uniq_jorgrun, uniq_agnes
D:15:     grunt_enter_depths_magical_seal, layout_rooms, serial_bayou_shore_a,
          uniq_kirke
Temple:   grunt_temple_mini_profane
Lair:1:   layout_gridlike, patterned_corridor, lemuel_fruit_fields,
          lemuel_fruit_fields, uniq_erica
Lair:2:   layout_long_grid, minmay_snake_entry_guardpost_small,
          serial_bayou_pond_b, chequers_serial_rivers_micro_a, st_stairs_13,
          kennysheep_snail_temple
Lair:3:   layout_chaotic_city
Lair:4:   layout_loops_ring, elwin_shoals_entry_rocks
Lair:5:   layout_misc_corridors, minmay_slime_entry_oklob_open,
          nzn_masters_of_martial_movement, lemuel_fruit_fields
Lair:6:   guppyfry_lair_end_dragon, layout_hall_layers, wormcave,
          ebering_ghost_inner_flame, chequers_serial_rivers_marsh,
          infiniplex_staircase_pool
Snake:1:  layout_onion_interference, lemuel_altar_in_water2, uniq_nikola
Snake:2:  layout_gridlike, serial_bayou_pond_a, drop_trap, minmay_shop_star,
          uniq_vashnia
Snake:3:  layout_misc_corridors, serial_shops, shop
Snake:4:  snake_pit, layout_cave_town, lemuel_fruit_tree, uniq_roxanne

Skill      XL: |  1  2  3  4  5  6  7  8  9 10 11 12 13 14 15 16 17 |
---------------+----------------------------------------------------+-----
Long Blades    | 2 3 5 6 7 10 13 14 | 14.0
Armour         | 3 5 7 9 10 11 | 11.3
Shields        | 3 5 |  5.9
Invocations    | 2 7 10 11 14 | 14.2
Fighting       | 4 6 8 10 13 | 13.7
Dodging        | 4 6 8 9 |  9.6
Evocations     | 6 7 |  7.0
Short Blades   | 10 | 10.8
Air Magic      | 1 3 |  3.5
Spellcasting   | 1 3 |  3.5

Action                   |  1- 3 |  4- 6 |  7- 9 | 10-12 | 13-15 | 16-18 || total
-------------------------+-------+-------+-------+-------+-------+-------++-------
Melee: Long sword        |    98 |   103 |   302 |   146 |       |       ||   649
       Scimitar          |       |       |       |   559 |  1436 |     9 ||  2004
       Rapier            |       |       |       |       |       |   602 ||   602
Invok: Minor Destruction |       |       |       |    15 |     1 |       ||    16
       Lesser Servant of |       |       |       |    11 |    11 |       ||    22
       Major Destruction |       |       |       |     5 |     6 |     2 ||    13
       Greater Servant o |       |       |       |       |     2 |     2 ||     4
 Abil: Evoke Blink       |       |       |       |       |     8 |     3 ||    11
Evoke: Wand              |       |       |     7 |    31 |    13 |     1 ||    52
       Phial of floods   |       |       |       |     1 |       |       ||     1
       Condenser vane    |       |       |       |     1 |     3 |     2 ||     6
       Box of beasts     |       |       |       |       |       |     1 ||     1
  Use: Potion            |       |     2 |     2 |       |     2 |     5 ||    11
       Scroll            |       |     6 |    11 |     9 |    13 |     4 ||    43
 Stab: Distracted        |       |     1 |       |       |     4 |       ||     5
       Paralysed         |       |       |       |    17 |       |       ||    17
Armor: Scale mail        |    42 |    47 |    95 |    71 |   128 |       ||   383
       Ring mail         |       |       |    35 |   115 |       |       ||   150
       Fire dragon scale |       |       |       |       |   285 |   182 ||   467
Dodge: Dodged            |    24 |    25 |   132 |   297 |   603 |   221 ||  1302
Block: Kite shield       |    56 |    38 |     9 |       |   182 |   263 ||   548
       Buckler           |       |       |    57 |   130 |   195 |       ||   382
       Rpst.: Long sword |     6 |     7 |    30 |    23 |       |       ||    66
       Scimitar          |       |       |       |    55 |   173 |     1 ||   229
